[Event "Silves Open 2025"]
[Site "Fissul"]
[Date "2025.03.03"]
[Round "3.9"]
[White "Malassagne, Raphael"]
[Black "Pinho, Tiago Brandao De"]
[Result "1-0"]
[Annotator "TA"]
[ECO "A45"]
[WhiteElo "2267"]
[BlackElo "1919"]
[PlyCount "97"]
[EventDate "2025.03.03"]
[EventType "swiss"]
[EventCountry "POR"]
[SourceTitle "playchess.com"]
[Source "ChessBase"]
[SourceQuality "1"]
[TimeControl "5400+30"]

1. d4 Nf6 2. Bf4 g6 3. Nc3 d5 4. e3 Bg7 5. h4 h5 6. Nf3 {[%emt 0:00:06] A45: Trompowsky Attack.} (6. Nb5 $5 Na6 $8 7. Nc3 $11) 6... Bg4 7. Qd2 c6 8. Ne5 {[%emt 0:00:19] White is slightly better.} Bf5 9. f3 Nbd7 10. O-O-O Nxe5 11. Bxe5 Qa5 12. Kb1 O-O-O 13. Qf2 $146 (13. Be2 Rdg8 14. Bxf6 Bxf6 15. e4 dxe4 16. fxe4 Be6 17. Qe3 Rd8 18. a3 Rd7 19. Bf3 {1-0 Fritz,A (1977)-Koloczek,M (1852) Krakow op-B 29th 2018 (9)}) 13... Ne8 14. Bxg7 Nxg7 15. e4 Be6 16. Qe3 Rd7 17. Be2 Rhd8 18. a3 b5 (18... dxe4 $11 {remains equal.} 19. fxe4 Ne8) 19. exd5 (19. g4 $16) 19... Bxd5 20. Nxd5 cxd5 21. g4 Rb7 (21... a6 $142) 22. Rd3 $16 a6 23. Rhd1 ({Better is} 23. Qh6 $18 Ne6 24. gxh5) 23... Qb6 24. Rc3+ Rc7 25. Rxc7+ Qxc7 26. a4 bxa4 (26... Ne8 $16 27. gxh5 (27. axb5 axb5 28. gxh5 gxh5 $18) 27... gxh5 28. axb5 axb5) 27. Bxa6+ $18 Kb8 28. Qa3 (28. Bb5 $18) 28... Rd6 $16 29. Bb5 $36 {[%emt 0:06:17][%cal Ba6b5,Bb5a4,Ba4e8][%mdl 2080] White has strong initiative.} (29. Qxa4 $6 Qa7 30. Qb5+ Kc7 31. Qa5+ Kb8 32. Qb5+ Kc7 33. Qa5+ Kb8 34. Qb5+ $11) 29... Qa5 30. Bxa4 {[%emt 0:02:18] White is more active.} ({Of course not} 30. Qxa4 $6 Qxa4 31. Bxa4 Rf6 $11) 30... Ra6 {[%emt 0:00:22] [#]} 31. b3 Ra7 32. Qc5 {[%emt 0:01:05] Inhibits Rc7.} Ne6 (32... hxg4 33. fxg4 Qd8) 33. Qxa5 $18 Rxa5 {[%emt 0:00:01][%mdl 4096] Endgame KRB-KRN. White is a pawn up.} 34. Be8 Nd8 35. Kb2 Ra6 36. Re1 Re6 $2 (36... e6 {is a better defense.} 37. gxh5 gxh5) 37. Rxe6 Nxe6 38. gxh5 gxh5 39. Bxf7 Nxd4 (39... Nf4 40. c4 dxc4) 40. Bxh5 {[%emt 0:00:07] KB-KN. White is two pawns up.} Nf5 41. Bf7 Nxh4 42. Bxd5 Ng6 43. Be4 Ne5 44. c4 Kc7 45. Kc3 Kb6 46. b4 Nd7 47. Kd4 {[%emt 0:00:37] [#] Bd3 would kill now.} Nb8 48. Bd5 (48. c5+ $142 Kc7 49. b5 Nd7 50. b6+ Nxb6 51. cxb6+ Kxb6 52. Kd5 Kb5 53. f4) 48... Na6 49. c5+ {[%emt 0:00:09] Weighted Error Value: White=0.11 (very precise) /Black=0.47  Mistake:       	White=3     	Black=6      Inaccurate:     	---       	Black=1      OK:         	White=16    	Black=8      Best:        	White=2     	Black=2} 1-0

[Event "Silves Open 2025"]
[Site "Fissul"]
[Date "2025.03.03"]
[Round "3.10"]
[White "Paiva, Manuel Maria Fonseca"]
[Black "Monteiro, Paulo Alexandre G"]
[Result "1/2-1/2"]
[Annotator "TA"]
[ECO "B23"]
[WhiteElo "1904"]
[BlackElo "2221"]
[PlyCount "86"]
[EventDate "2025.03.03"]
[EventType "swiss"]
[EventCountry "POR"]
[SourceTitle "playchess.com"]
[Source "ChessBase"]
[SourceQuality "1"]
[TimeControl "5400+30"]

1. e4 c5 2. Nc3 g6 3. d4 cxd4 4. Qxd4 Nf6 5. Be3 Nc6 6. Qd2 {[%emt 0:00:00] B23: Closed Sicilian: Lines without g3.} Bg7 7. f3 {[%emt 0:00:00] Dodges Ng4} O-O 8. O-O-O {[%emt 0:00:00] White is slightly better.} Qa5 9. Kb1 d6 10. Nge2 b5 11. Nc1 {[%emt 0:00:06][%cal Oc1b3] Black should prevent Nb3!.} b4 12. Nd5 Nxd5 13. exd5 Ne5 14. Bh6 (14. Nb3 {simplifies} Qc7 15. Nd4 Bd7 16. Bh6) 14... Bf5 $146 (14... Qb6 $11 {keeps the balance.}) (14... Bxh6 15. Qxh6 Bf5 16. g4 Bd7 17. h4 f6 18. Bd3 Rf7 19. g5 fxg5 20. h5 Nxd3 21. hxg6 {1-0 Kadric,D (2564)-Perez Gormaz,M (2400) Belgrade Serbia op 2021 (9)}) 15. Nb3 (15. Bxg7 $1 $16 Kxg7 16. Nb3) 15... Bxh6 $11 16. Qxh6 {[%emt 0:00:10] [#]} (16. Nxa5 $11 Bxd2 17. Rxd2) 16... Bxc2+ $1 $17 17. Kxc2 Qxa2 18. Nd4 Rfc8+ {[%emt 0:05:31] Black attacks} (18... Qxd5 19. Kb1 $16) (18... a5 $142 {[%cal Oa5a4] And now ...a4! would win.} 19. Kd2 Rfc8 (19... Qxd5 20. Ke1 $15)) 19. Kd2 Qxb2+ {[%emt 0:02:36][%csl Ob4] Black has a strong passed pawn} 20. Ke1 Rc5 21. h4 Rxd5 22. Qf4 (22. Qd2 $17 Qxd2+ 23. Rxd2) 22... h5 23. Be2 {[%emt 0:08:10] [#]} Rc8 $1 24. g4 {[%emt 0:01:08] [#]} Nd3+ $2 25. Rxd3 $11 {[%emt 0:03:16][%cal Od4c6] Black must now prevent Nc6!.} e5 (25... Rc4 $15 {feels stronger.} 26. Kf2 (26. Rd2 Rcxd4 $16) 26... Rcxd4 (26... Rdxd4 27. Rxd4 Rxd4 28. Qc1 $15) 27. Rxd4 Rxd4) 26. Qg5 $2 (26. Qd2 $11 Qc1+ 27. Bd1 (27. Qxc1 Rxc1+ 28. Bd1 exd4 $14) 27... Rxd4 28. Qxc1 Rxc1 29. Rxd4 exd4 30. Kd2) 26... Rxd4 $19 27. Rxd4 exd4 (27... Qxd4 28. gxh5 b3 29. hxg6 $17) 28. gxh5 {[%emt 0:01:16] [#]} d3 $1 29. Bd1 Re8+ (29... Rc1 $17 30. Qd2 Qc2 31. hxg6 fxg6) 30. Kf1 $11 {[%emt 0:00:20] The position is equal. Dancing on a razor blade.} Re2 {[%emt 0:05:08] ( -> ...Qa1)} 31. hxg6 Rf2+ 32. Kg1 Qd4 {[%emt 0:00:30] ( -> ...Rd2+)} 33. gxf7+ Kxf7 34. Bb3+ Ke8 $1 35. Ba4+ Kf7 36. Qf5+ (36. Bb3+ Ke8 37. Qg4 Qb6 38. Ba4+ Kf8 39. Qf5+ Kg7 40. Qg5+ (40. Qxd3 $2 {leads to mate.} Re2+) 40... Kh7 41. Qe7+ Kh6 42. Qf6+ Kh7 43. Qf7+ Kh6 44. Qf6+ Kh7 45. Qe7+ Kh8 46. Qf8+ Kh7 47. Qf7+ Kh6 48. Qf8+ Kh7 49. Qf7+) 36... Kg7 {[%emt 0:00:00] ( -> ...Ra2+)} 37. Qd7+ Kf8 38. Qd8+ Kg7 39. Qg5+ Kh7 40. Qh5+ Kg7 {[%emt 0:00:14] ( -> ...Rb2+)} 41. Qg5+ Kh7 {[%emt 0:00:07] ( -> ...Re2+)} 42. Qe7+ Kh8 43. Qe8+ Kg7 {[%emt 0:00:36] Weighted Error Value: White=0.25 (precise) /Black=0.21 (precise)   Loses game:     	White=2     	---        Missed win:     	---       	Black=1      Mistake:       	White=2     	Black=4      Inaccurate:     	White=3     	Black=1      OK:         	White=12    	Black=16     Best:        	White=6     	Black=4      Strong:       	---       	Black=2      Brilliant:      	---       	Black=1} 1/2-1/2

[Event "Silves Open 2025"]
[Site "Fissul"]
[Date "2025.03.03"]
[Round "3.11"]
[White "Nguyen, Anh Khoi"]
[Black "Prata, Jose"]
[Result "0-1"]
[Annotator "TA"]
[ECO "D11"]
[WhiteElo "2520"]
[BlackElo "1839"]
[PlyCount "100"]
[EventDate "2025.03.03"]
[EventType "swiss"]
[EventCountry "POR"]
[SourceTitle "playchess.com"]
[Source "ChessBase"]
[SourceQuality "1"]
[TimeControl "5400+30"]

1. d4 d5 2. c4 c6 3. Nf3 Nf6 4. Qc2 g6 5. Bf4 Bf5 6. Qb3 Qb6 7. e3 {[%emt 0:00:06] 7.e3 scores better than 7.c5.} Bg7 8. c5 Qxb3 {[%emt 0:01:20] D11: Slav Defence: 3 Nf3 sidelines and 3...Nf6 4 e3 Bg4.} 9. axb3 Nbd7 10. h3 O-O {[%emt 0:01:55] The position is equal.} 11. b4 a6 12. Nbd2 Ne4 13. g4 Nxd2 $1 14. Nxd2 Be6 (14... Bc2 $11) 15. Nb3 $14 f6 $146 ({Predecessor:} 15... Nf6 16. Na5 Bc8 17. Bg3 Ne4 18. Bf4 f6 19. f3 Ng5 20. Be2 Nf7 21. Bc7 e5 22. Nb3 Be6 23. O-O Rae8 24. Rfe1 Rc8 25. Bb6 Rfe8 26. Na5 Re7 27. Kf2 {½-½ Ruecker,B (2242)-Mueller,M (2127) Lienz op 15th 2009 (8)}) 16. Na5 Ra7 17. Bc7 Rc8 18. Bb6 Nxb6 19. cxb6 {[%emt 0:00:06] White plays on the queen side and is better} Raa8 20. Nxb7 {[%emt 0:00:08][%csl Ob6,Oa6,Oc6][%cal Ob7c5] White has a strong passed pawn. Black has weak pawns} Rcb8 21. Nc5 (21. Bxa6 Bc8 (21... Rxb7 22. Bxb7 Rxa1+ 23. Kd2 $18) 22. Kd2 Bxb7 $17) 21... Bc8 22. Na4 (22. Nxa6 $2 Rxb6 23. Bd3 (23. b5 $2 cxb5 24. Kd2 Rbxa6 $19) 23... e5 $19 (23... Bxa6 $2 24. h4 $19) (23... Rbxa6 24. Bxa6 Rxa6 25. Kd2 $17)) 22... e5 {[%emt 0:01:47] [#]} 23. e4 Bf8 $1 $11 24. Bg2 Bxb4+ 25. Ke2 exd4 26. exd5 c5 27. Rhc1 $1 $36 {[%emt 0:07:59][%cal Ob6b7][%mdl 2048] White has the initiative.} Bd7 28. d6 $1 Bb5+ $2 ({Black should try} 28... Re8+ $14 29. Kf1 Rab8) 29. Kd1 $18 c4 30. Bxa8 Rxa8 {[%emt 0:00:14] [#]} 31. d7 Kf7 (31... Rb8 32. b7) 32. b7 Rb8 33. Nb6 c3 (33... Ke6 $16 {is a better chance.} 34. Rxc4 (34. Nxc4 Kxd7 35. Nb6+ Kd6 $16) 34... Bxc4 35. Nxc4 Kxd7 36. Rxa6 Rxb7 37. Rxf6 Ke7) 34. bxc3 dxc3 (34... Be7 {was worth a try.} 35. c4 (35. cxd4 Rxb7 36. Rc8 Rxb6 $18) 35... Bxd7 36. Nxd7 Rxb7 37. Nxf6 (37. c5 Rxd7 38. Kd2 f5 $18) 37... Kxf6) 35. Kc2 Bc6 36. Rd1 Be7 37. Nc8 {[%emt 0:00:58] Nxe7 is the strong threat.} Bd8 38. Rxa6 Bxb7 39. Ra7 Ke6 40. Rd6+ (40. Kxc3 Bxc8 $18) 40... Ke5 41. f4+ Kxf4 42. Ra4+ ({But not} 42. Kxc3 f5 43. Rd4+ Be4) 42... Ke5 43. Rc4 (43. Kxc3 Bxc8 44. Rdd4 Bb7 $11) (43. Rb4 $18 Be4+ 44. Kxc3 Rxb4 45. Kxb4) 43... Be4+ $11 44. Rxe4+ $1 Kxe4 {[%emt 0:00:02][%mdl 4096] Endgame KRB-KRN. Black is a pawn up.} 45. Re6+ Kd4 {[%emt 0:00:35] ...Rb2+ would now be deadly.} 46. Re8 $2 (46. Rd6+ $11 Ke5 47. Kxc3) 46... Rb2+ $19 47. Kc1 {[%emt 0:00:25] [#]} Kd3 $1 48. Rxd8 (48. Re1 f5) 48... Rh2 {[%emt 0:00:56][%cal Rh2h1] Black mates.} 49. Kb1 c2+ 50. Kb2 Kd2 {[%emt 0:02:01] Weighted Error Value: White=0.46/Black=0.34  Loses game:     	White=1     	Black=2      Missed win:     	White=1     	---        Mistake:       	White=1     	Black=2      Inaccurate:     	White=1     	Black=1      OK:         	White=17    	Black=12     Best:        	White=4     	Black=7      Strong:       	White=3     	Black=2} (50... Rxh3 $2 {is the wrong capture.} 51. Rf8 c1=Q+ 52. Kxc1 $18) 0-1

[Event "Silves Open 2025"]
[Site "Fissul"]
[Date "2025.03.03"]
[Round "3.13"]
[White "Espinosa Aranda, Angel"]
[Black "Avelino, Camila Biscaya"]
[Result "1-0"]
[Annotator "TA"]
[ECO "B20"]
[WhiteElo "2442"]
[BlackElo "1906"]
[PlyCount "77"]
[EventDate "2025.03.03"]
[EventType "swiss"]
[EventCountry "POR"]
[SourceTitle "playchess.com"]
[Source "ChessBase"]
[SourceQuality "1"]
[TimeControl "5400+30"]

1. e4 c5 2. Ne2 d6 3. g3 Nc6 4. Bg2 g6 5. c3 e5 6. d4 {[%emt 0:00:30] B20: Sicilian: Unusual White 2nd moves.} Bg7 7. dxc5 dxc5 8. Qxd8+ {[%emt 0:00:30] White has an edge.} Nxd8 9. Na3 Ne7 10. Be3 b6 11. Nb5 O-O {[%emt 0:00:30] Not much happening anymore} 12. O-O Ne6 $146 (12... Ba6 13. a4 Ndc6 14. Rfd1 Rad8 15. Bh3 h6 16. Kf1 {½-½ Asadli,V (2449)-Ofitserian,B (2395) Moscow Aeroflot op-B 18th 2019 (6)}) 13. Rfd1 Ba6 14. a4 Rad8 15. Bf1 Nc8 16. Bh3 Nc7 17. Nxc7 Bxe2 18. Rxd8 Rxd8 19. Nd5 {[%emt 0:00:30] Bxc8 would now be deadly. White is more active.} Nd6 20. a5 Nxe4 21. axb6 axb6 22. Nxb6 Nd2 {[%emt 0:00:30] [#]} 23. Bd7 $1 Nc4 24. Bb5 (24. Bxc5 $2 {perishes.} Nxb6 (24... Nxb2 25. Be7 $11) 25. Bxb6 Rxd7 $19) 24... Nxe3 25. Bxe2 Nf5 26. Bf3 Bh6 27. Ra7 Bc1 28. Nc4 Nd6 29. Nxe5 Bxb2 30. Nc6 Rf8 31. Ne7+ Kg7 32. Nd5 Rb8 33. Rc7 Rc8 34. Rd7 Nc4 {[%emt 0:00:30] and ...Ne5 would now be decisive} 35. Be2 Ne5 36. Re7 Nc6 37. Rb7 Rd8 $2 (37... Bc1 $14) 38. Rxb2 $18 Rxd5 {[%emt 0:00:30] [#]} 39. Bf3 $1 {[%emt 0:00:30] Weighted Error Value: White=0.07 (flawless) /Black=0.23 (precise)   Loses game:     	---       	Black=1      Inaccurate:     	White=4     	Black=3      OK:         	White=17    	Black=16     Best:        	White=2     	Black=3      Strong:       	White=2     	---} 1-0

[Event "Silves Open 2025"]
[Site "Fissul"]
[Date "2025.03.03"]
[Round "3.14"]
[White "De Kruif, Kees"]
[Black "Kuegel, Tobias"]
[Result "0-1"]
[Annotator "TA"]
[ECO "A00"]
[WhiteElo "1857"]
[BlackElo "2423"]
[PlyCount "28"]
[EventDate "2025.03.03"]
[EventType "swiss"]
[EventCountry "POR"]
[SourceTitle "playchess.com"]
[Source "ChessBase"]
[SourceQuality "1"]
[TimeControl "5400+30"]

1. b4 e5 2. Bb2 Bxb4 3. Bxe5 Nf6 4. Nf3 O-O 5. e3 d5 6. c4 c5 {[%emt 0:00:07] A00: Irregular Openings.} 7. cxd5 Nxd5 8. Qc2 {[%emt 0:09:02] Prevents Bf5} Nc6 {[%emt 0:02:29] [#] and ...Nxe5 should not be overlooked. Black has an edge.} 9. Bb2 Re8 10. Nc3 $146 (10. Bd3 $11) (10. a3 Ba5 11. Qxc5 Bb6 12. Qc4 Na5 13. Qa4 Bf5 14. Nc3 Rc8 15. Be2 Nxc3 16. Bxc3 {0-1 Teichmann,E (2312)-Karthikeyan,M (2517) Montcada op-A 24th 2016 (6)}) 10... Nd4 $15 11. Nxd4 cxd4 $40 {[%emt 0:00:11][%mdl 128] Black wants a kill.} 12. Nxd5 Qxd5 13. Bc4 {[%emt 0:02:28] [#]} (13. Qa4 $2 Bxd2+ 14. Kxd2 dxe3+ 15. Kc3 Bd7 $19 (15... Qd2+ $2 16. Kb3 $19)) (13. Qd3 $1 $15) 13... dxe3 {[%emt 0:04:09] Black is much more active. The white rooks are passive.} 14. Bxd5 $4 {[%emt 0:01:04][%mdl 8192] A sharp opening} (14. O-O $11 Qxd2 15. Qb3) 14... exd2+ {[%emt 0:00:08] Weighted Error Value: White=0.63/Black=0.21 (precise)   Loses game:     	White=1     	---        Mistake:       	White=2     	Black=1      OK:         	White=2     	Black=2      Best:        	White=1     	Black=1} 0-1

[Event "Silves Open 2025"]
[Site "Fissul"]
[Date "2025.03.03"]
[Round "3.16"]
[White "Ryabukhina, Veronika"]
[Black "Serarols Mabras, Bernat"]
[Result "0-1"]
[Annotator "TA"]
[ECO "D26"]
[WhiteElo "1880"]
[BlackElo "2311"]
[PlyCount "90"]
[EventDate "2025.03.03"]
[EventType "swiss"]
[EventCountry "POR"]
[SourceTitle "playchess.com"]
[Source "ChessBase"]
[SourceQuality "1"]
[TimeControl "5400+30"]

1. d4 d5 2. c4 e6 3. Nf3 a6 4. e3 Nf6 5. Nc3 dxc4 6. a4 c5 7. Bxc4 cxd4 {[%emt 0:00:00] D26: Queen's Gambit Accepted: 4 e3 e6 5 Bxc5 c5 sidelines.} 8. exd4 Nbd7 9. a5 b5 {[%emt 0:00:00] The position is equal.} 10. axb6 Nxb6 (10... Bb4 11. O-O O-O 12. Bb3 Bb7) 11. Be2 $146 (11. Bd3 Nfd5 12. O-O Nxc3 13. bxc3 Qc7 14. Bd2 Be7 15. Qe2 O-O 16. c4 Qa7 17. Ne5 {½-½ Ribeiro,A (1856)-Zampronha,W (2147) Sao Paulo IRT op 3rd 2013 (3)}) 11... Be7 12. O-O O-O 13. Ne5 Bb7 14. Nc4 Nxc4 15. Bxc4 Qb6 16. Qb3 Qxb3 (16... Qxd4 $2 {too greedy.} 17. Qxb7 Qxc4 18. Qxe7 $18) (16... Qc7 {is interesting.} 17. Bf4 Qxf4 18. Qxb7 Qxd4 19. Bxa6 Bd6) 17. Bxb3 Rfd8 18. Rd1 h6 19. f3 Bb4 20. Be3 Rac8 21. Rac1 a5 22. Na2 Bd5 23. Bxd5 (23. Rxc8 $11 Rxc8 24. Bxd5 Nxd5 25. Rc1) 23... Nxd5 $15 24. Bd2 Rxc1 25. Bxc1 {[%emt 0:03:21] [#]} (25. Nxc1 $15 Bxd2 26. Rxd2) 25... Rc8 $1 $19 26. Kf2 Rc2+ 27. Kg3 Bd6+ 28. Kh3 Bf4 {[%emt 0:00:00] Inhibits Rd2.} 29. g3 Bxc1 30. Rxc1 Rxb2 31. Nc3 Nxc3 32. Rxc3 {[%emt 0:00:12][%mdl 4096] Endgame KR-KR. Black is a pawn up.} a4 33. Rc8+ Kh7 34. g4 (34. Ra8 $142) 34... g5 35. Kg3 a3 36. Rc3 a2 37. Ra3 Kg6 38. h4 $2 (38. Ra6) 38... Kf6 (38... f5 $142 39. hxg5 hxg5 (39... Kxg5 40. Ra5 $17) 40. gxf5+ exf5 (40... Kxf5 41. Ra5+ Kf6 42. f4 $17) 41. Ra6+ Kf7) 39. Ra7 Kg7 40. hxg5 hxg5 41. f4 {[%emt 0:00:30] [#]} Rb3+ $1 42. Kf2 Rd3 (42... gxf4 $19 {...Rh3 is the strong threat.} 43. Rxa2 Rd3 (43... Rg3 44. Ra7 $17)) 43. fxg5 $17 Rxd4 44. Rxa2 (44. Kg3 $17) 44... Rxg4 $19 45. Kf3 Rxg5 {[%emt 0:00:30] Weighted Error Value: White=0.37/Black=0.23 (precise)   Loses game:     	White=1     	---        Mistake:       	White=4     	Black=2      Inaccurate:     	White=6     	Black=2      OK:         	White=7     	Black=15     Best:        	White=7     	Black=2      Strong:       	---       	Black=2} 0-1

[Event "Silves Open 2025"]
[Site "Fissul"]
[Date "2025.03.03"]
[Round "3.17"]
[White "Almeida, Marta Dias"]
[Black "Santos, Antonio P"]
[Result "0-1"]
[Annotator "TA"]
[ECO "A41"]
[WhiteElo "1790"]
[BlackElo "2209"]
[PlyCount "54"]
[EventDate "2025.03.03"]
[EventType "swiss"]
[EventCountry "POR"]
[SourceTitle "playchess.com"]
[Source "ChessBase"]
[SourceQuality "1"]
[TimeControl "5400+30"]

1. d4 d6 2. c4 e5 3. d5 f5 4. Nc3 Nf6 5. Nf3 g6 (5... Be7 $11) 6. Bg5 {[%emt 0:00:30][%cal Oe2e4] A41: 1 d4 d6: Tartakower System and Modern Defence.} h6 7. Bxf6 Qxf6 8. e4 {[%emt 0:00:30] The position is equal.} Bg7 9. Bd3 O-O 10. O-O f4 11. Nd2 $146 ({Predecessor:} 11. b4 g5 12. h3 h5 13. Nh2 Qg6 14. Be2 g4 15. hxg4 hxg4 16. Bxg4 Nd7 17. Be6+ {1-0 Wang,D (1969)-Rushbrooke,R (2094) Titled Tuesday intern op 04th Feb Late blitz 2025 (4)}) 11... Nd7 12. b4 b6 13. f3 {[%emt 0:00:30] Black is weak on the light squares} Rf7 (13... a5 $11) 14. Nb3 $1 $14 Bf8 15. Rc1 (15. a4 $14 {is superior.}) 15... g5 16. Na4 a5 17. bxa5 Nc5 18. Naxc5 bxc5 19. Qd2 h5 $36 {[%emt 0:00:30][%mdl 3072] Black has compensation. Black is more active.} 20. a6 g4 (20... Rxa6 21. a4 $17) 21. Be2 (21. Rb1 $142) 21... Rg7 $17 22. Rfd1 $2 {[%emt 0:00:30] This costs White the game.} (22. a4 $17 {might work better.}) 22... Qh4 $19 (22... Rxa6 23. Rb1 $19) 23. Rc2 g3 (23... Bxa6 24. Qa5) (23... Rxa6 24. Nc1) (23... gxf3 24. Bxf3 Rxa6 25. Rb1 $17) 24. h3 {[%emt 0:00:30] [#]} (24. hxg3 fxg3 (24... Qxg3 $2 25. Bf1 $19) 25. Qe3) 24... Bxh3 $1 25. gxh3 {[%emt 0:00:30] [#]} g2 {[%emt 0:00:30] Prevents Bf1.} ({Stronger than} 25... Rxa6 26. Kg2 $16) (25... Qxh3 26. Bf1 g2 27. Bxg2 $14) 26. Qe1 Qxh3 {[%emt 0:00:30] ( -> ...Qh1+)} 27. Kf2 Be7 {[%emt 0:00:30] Weighted Error Value: White=0.62/Black=0.07 (flawless)   Loses game:     	White=1     	---        Mistake:       	White=3     	Black=1      Inaccurate:     	White=2     	Black=1      OK:         	White=5     	Black=10     Best:        	---       	Black=1      Strong:       	White=1     	---        Brilliant:      	---       	Black=1} 0-1

[Event "Silves Open 2025"]
[Site "Fissul"]
[Date "2025.03.03"]
[Round "3.18"]
[White "Albuquerque, Eduardo Ferreira"]
[Black "Silverio, Vitor Luis De Jesus"]
[Result "1-0"]
[Annotator "TA"]
[ECO "A41"]
[WhiteElo "1897"]
[BlackElo "2143"]
[PlyCount "109"]
[EventDate "2025.03.03"]
[EventType "swiss"]
[EventCountry "POR"]
[SourceTitle "playchess.com"]
[Source "ChessBase"]
[SourceQuality "1"]
[TimeControl "5400+30"]

1. d4 g6 2. Nf3 Bg7 3. c4 d6 4. e4 a6 5. Nc3 Nc6 6. Be2 {[%emt 0:01:12] A41: 1 d4 d6: Tartakower System and Modern Defence.} Bg4 7. Be3 Qd7 $146 (7... e5 $14) (7... e5 8. d5 Nce7 9. c5 Bxf3 10. Bxf3 Bh6 11. Bxh6 Nxh6 12. Qd2 Nhg8 13. b4 h5 {1-0 Giri,A (2764)-Sadhwani,R (2620) Chess.com Rapid CGC KO 2022 (2.3)}) 8. O-O $16 {[%emt 0:04:47] White is better.} h5 9. d5 Nd8 ({Better is} 9... Ne5) 10. Bd4 (10. Qb3 $142) 10... f6 11. Nh4 {[%emt 0:04:15][%cal Of2f3] White is more active.} Bxe2 12. Qxe2 g5 {[%emt 0:06:07] [#]} (12... e5 $16) 13. Nf5 $1 $36 {[%emt 0:02:34][%mdl 2048] White has strong initiative.} Bf8 {[%emt 0:00:37] Black is weak on the light squares} 14. Rad1 Nf7 15. f4 g4 $2 (15... gxf4 16. Rxf4 c5) 16. Nh4 Bg7 17. Qf2 O-O-O $2 (17... Ngh6 18. Qc2 Rg8) 18. b4 Re8 19. c5 (19. b5 $142) 19... e5 (19... e6 20. Qc2 dxc5) 20. Be3 exf4 21. Qxf4 f5 (21... Ne7 22. a4 Kb8) 22. Bd4 (22. Qxf5 Qxf5 23. Rxf5 Ngh6 $17) (22. c6 $142 bxc6 23. dxc6 (23. Qxf5 Qxf5 24. Rxf5 Ngh6 $19)) 22... Bxd4+ 23. Rxd4 Ne7 (23... Kb8 $142 24. c6 (24. exf5 Nf6 $16) (24. Qxf5 Qxf5 25. Nxf5 Rh7 $18) (24. Nxf5 Ne5 $18) 24... bxc6 25. dxc6 (25. exf5 Nf6 $16) (25. Nxf5 Nd8 $16) (25. Qxf5 Qxf5 26. exf5 Ne7 $14) 25... Qxc6) 24. exf5 {[%emt 0:03:38] aiming for f6.} Rhg8 $2 (24... Kb8 {is a better defense.} 25. f6 Nc8) 25. Ne4 dxc5 26. Nf6 ({Resist} 26. bxc5 Nc6 $18 (26... Nxd5 $2 {loses.} 27. Nf6 $18)) (26. Nxc5 Qd6 27. f6 Qxf4 28. Rfxf4 b6 29. Nxa6 (29. fxe7 bxc5 30. bxc5 Rxe7 $18) 29... Kb7 30. fxe7 Rxe7) 26... Qb5 27. Nxe8 Rxe8 28. bxc5 Qxc5 29. Rc1 Qb6 30. Kh1 ({Stronger than} 30. f6 Nxd5 31. Qd2 (31. Qf5+ Kb8 $15) 31... Kb8 $11) 30... Rd8 {[%emt 0:00:00] [#]} (30... Kb8 31. f6 Nc8) 31. Ng6 $1 Ng8 (31... Rd7 32. Nxe7+) 32. Ne5 (32. Rdc4 $142 Rd6 33. Qe4) 32... Nd6 $2 (32... Nxe5 33. Qxe5 Qd6 34. Qxd6 Rxd6) 33. Nc4 Nxc4 34. Rdxc4 Rd7 35. Qe5 {[%emt 0:04:08][%cal Oc4c7] Threatening mate with Rxc7+!.} Nf6 36. Qe6 Nxd5 {[%emt 0:00:00] [#]} 37. Rxc7+ $3 Qxc7 38. Rxc7+ Kxc7 {[%emt 0:00:00][%mdl 4096] Endgame KQ-KRN} 39. Kg1 Rd6 40. Qf7+ Kc6 41. Qxh5 Nf6 42. Qf7 b5 43. Qb3 Ne4 44. Qc2+ Kd5 45. Qd1+ Ke5 46. Qxg4 Rf6 47. h4 Rxf5 48. Qg7+ Kf4 49. Qh6+ Kg4 50. Qg6+ Kf4 51. Qxa6 Rh5 52. Qc6 Ke3 53. Qc1+ {[%emt 0:00:25] White mates.} Nd2 54. Qe1+ Kd3 55. Qg3+ {[%emt 0:00:11] Weighted Error Value: White=0.44/Black=0.78  Mistake:       	White=4     	Black=11     Inaccurate:     	White=2     	Black=4      OK:         	White=20    	Black=12     Best:        	---       	Black=1      Strong:       	White=1     	---        Brilliant:      	White=1     	---} 1-0